 Dungeon Crawl Stone Soup version 0.19.0-23-gf02e663 (webtiles) character file.

48 Gargoyl the Skirmisher (level 3, -1/29 HPs)
             Began as a Demonspawn Abyssal Knight on Nov 19, 2016.
             Was a Follower of Lugonu.
             Killed from afar by Jessica (8 damage)
             ... with a wand of flame
             ... on level 2 of the Dungeon.
             The game lasted 00:02:56 (1819 turns).

Gargoyl the Skirmisher (Demonspawn Abyssal Knight)  Turns: 1819, Time: 00:02:56

Health: -1/29      AC: 10    Str: 13    XL:     3   Next: 50%
Magic:  5/5        EV:  6    Int: 13    God:    Lugonu [*.....]
Gold:   79         SH:  0    Dex: 12    Spells: 0 memorised, 2 levels left

rFire  . . .     SeeInvis .     a - +1 hand axe
rCold  . . .     Gourm    .     q - +0 chain mail
rNeg   . . .     Faith    .     (no shield)
rPois  .         Spirit   .     e - +0 helmet
rElec  .         Reflect  .     (no cloak)
rCorr  .         Harm     .     (no gloves)
MR     .....                    (no boots)
Stlth  ..........               (no amulet)
                                (no ring)
                                (no ring)

@: invisible
A: talons 1, powered by death 1
a: Depart the Abyss, Renounce Religion


You were on level 2 of the Dungeon.
You worshipped Lugonu.
Lugonu was aware of your devotion.
You were not hungry.

You visited 1 branch of the dungeon, and saw 2 of its levels.
You visited the Abyss 1 time.

You collected 79 gold pieces.

Inventory:

Hand Weapons
 a - a +1 hand axe (weapon)
Missiles
 o - 3 javelins of penetration (quivered)
Armour
 e - a +0 helmet (worn)
 q - a +0 chain mail (worn)
Scrolls
 b - a scroll of teleportation {unknown}
 g - a scroll of enchant weapon {unknown}
 h - a scroll of remove curse {unknown}
 i - a scroll of immolation {unknown}
 j - 3 scrolls of identify {unknown}
 k - a scroll of recharging {unknown}
 l - a scroll of fear {unknown}
Potions
 f - a potion of haste {unknown}
 m - a potion of curing {unknown}
Comestibles
 c - 2 bread rations
 d - a beef jerky
 p - a chunk of flesh


   Skills:
 + Level 3.4 Fighting
 + Level 2.1 Axes
 * Level 2.5 Armour
 + Level 1.0 Dodging
 * Level 3.2 Invocations


You had 2 spell levels left.
You didn't know any spells.

Dungeon Overview and Level Annotations

Branches:
Dungeon (2/15)

Altars:

Annotations:
D:2 Jessica


Innate Abilities, Weirdness & Mutations

You have sharp toenails.
You regenerate a little health from kills.


Message History

Jessica zaps a wand.
The puff of flame hits you!
It is a wand of flame.
You hit Jessica.
Jessica is moderately wounded.
Jessica barely misses you.
You hit Jessica. Your kick misses Jessica.
Jessica is severely wounded.
Jessica zaps a wand.
The puff of flame hits you!
You closely miss Jessica.
Jessica is severely wounded.
Jessica gestures at you while chanting. Pain shoots through your body!
Jessica zaps a wand.
The puff of flame hits you!
* * * LOW HITPOINT WARNING * * *
You closely miss Jessica. You claw Jessica, but do no damage.
Jessica is severely wounded.
Jessica hits you.
* * * LOW HITPOINT WARNING * * *
It was a potion of invisibility.
You fade into invisibility!
Jessica zaps a wand.
The puff of flame hits you!
You die...

#.# #.#
######.###########
..##.............#
#.##.#.#########.#
#.##.#.# #.# ####
#)##.#.# #.# ....
#.##.#.# #.#.$##
.....#.# #@@b..#
#.####.# ###......
#.# #.# ..#### #.#
.# #.# [. #.# .#
#.. .# ###


You could see Jessica and a bat.

Vanquished Creatures
  A leopard gecko (D:1)
  12 giant cockroaches
  7 goblins
  3 hobgoblins (D:1)
  4 bats (D:1)
  A frilled lizard (D:1)
  10 kobolds
  3 rats (D:1)
41 creatures vanquished.

Notes
Turn   | Place    | Note
-------+----------+-------------------------------------------
     0 | Abyss:1  | Gargoyl the Demonspawn Abyssal Knight began the quest for the Orb.
     0 | Abyss:1  | Reached XP level 1. HP: 18/18 MP: 2/2
    65 | Abyss:2  | Noticed a wraith
   126 | Abyss:3  | Noticed a raiju
   151 | Abyss:3  | Noticed a large abomination
   158 | Abyss:3  | Noticed a tentacled starspawn
   159 | D:1      | Escaped the Abyss
   651 | D:1      | Reached * piety under Lugonu
   807 | D:1      | Gained mutation: You regenerate a little health from kills. [demonic ancestry]
   807 | D:1      | Reached XP level 2. HP: 19/24 MP: 3/3
  1095 | D:1      | Reached skill level 1 in Dodging
  1511 | D:1      | Gained mutation: You have sharp toenails. [demonic ancestry]
  1511 | D:1      | Reached XP level 3. HP: 29/29 MP: 5/5
  1812 | D:2      | Noticed Jessica
  1819 | D:2      | Killed from afar by Jessica

Skill      XL: |  1  2 |
---------------+-------+-----
Armour         | 2 |  2.5
Dodging        | 1 |  1.0
Invocations    | 3 |  3.2
Axes           | 2 |  2.1
Fighting       | |  3.4

Action                   || total
-------------------------++-------
Melee: Hand axe          ||   142
       Kick              ||     8
Invok: Depart the Abyss  ||     1
  Use: Potion            ||     1
  Eat: Chunk             ||     3
Armor: Leather armour    ||    46
       Chain mail        ||    11
Dodge: Dodged            ||    76
